 Dungeon Crawl Stone Soup version 0.27-a0-1065-ge809cff456 (webtiles) character file.

Game seed: 11703933523703091101

74 kae the Ruffian (level 4, -1/36 HPs)
             Began as a Draconian Transmuter on Apr 22, 2021.
             Slain by an ogre
             ... wielding a +0 giant club
              (15 damage)
             ... on level 2 of the Dungeon.
             The game lasted 00:00:55 (1785 turns).

kae the Ruffian (Draconian Transmuter)              Turns: 1785, Time: 00:00:56

Health: -1/36      AC:  5    Str: 13    XL:     4   Next: 10%
Magic:  6/7        EV: 12    Int: 13    God:
Gold:   114        SH:  0    Dex: 12    Spells: 3/7 levels left

rFire    . . .     SeeInvis .     - Unarmed
rCold    . . .     Faith    .   (no shield)
rNeg     . . .     Spirit   .   (armour unavailable)
rPois    .         Reflect  .   (helmet currently unavailable)
rElec    .         Harm     .   (no cloak)
rCorr    .         Rampage  .   (no gloves)
Will     .....                  (boots currently unavailable)
Stlth    +.........             a - amulet of regeneration
HPRegen  1.12/turn              (no ring)
MPRegen  0.10/turn              (no ring)

@: appendages
A: horns 2, talons 2, AC +5, unfitting armour, cold-blooded
a: End Transformation


You were on level 2 of the Dungeon.
You had temporarily grown beastly horns and talons.
You visited 1 branch of the dungeon, and saw 4 of its levels.

You collected 114 gold pieces.

Inventory:

Jewellery
 a - an amulet of regeneration (around neck)
Scrolls
 e - 2 scrolls of identify {unknown}
 g - a scroll of fog {unknown}
 h - a scroll of silence {unknown}
 i - a scroll of enchant weapon {unknown}
Potions
 b - a potion of cancellation {unknown}
 c - a potion of haste {unknown}
 d - a potion of mutation {unknown}
 f - a potion of attraction {unknown}


   Skills:
 + Level 1.8 Fighting
 + Level 2.2 Dodging
 * Level 3.5 Unarmed Combat
 + Level 2.3 Spellcasting
 * Level 2.8 Transmutations
 * Level 0.7 Poison Magic


You had 3 spell levels left.
You knew the following spells:

 Your Spells              Type           Power      Damage    Failure   Level
a - Beastly Appendage     Tmut           16%        N/A       8%          1
b - Spider Form           Tmut/Pois      3%         N/A       34%         3

Your spell library contained the following spells:

 Spells                   Type           Power      Damage    Failure   Level
 Wereblood                Tmut           8%         N/A       12%         2
 Animate Skeleton         Necr           2%         N/A       26%         1
 Pain                     Necr           4%         1d4       26%         1
 Vampiric Draining        Necr           0%         2d6       58%         3
 Ice Form                 Ice/Tmut       5%         N/A       80%         4
 Hydra Form               Tmut           4%         N/A       91%         5
 Animate Dead             Necr           0%         N/A       94%         4
 Agony                    Necr           1%         N/A       100%        5


Dungeon Overview and Level Annotations

Branches:
Dungeon (4/15)
 Temple: D:4-7

Altars:


Innate Abilities, Weirdness & Mutations

You have temporarily grown beastly horns and talons.
Your plain brown scales are hard. (AC +5)
You cannot fit into any form of body armour.
You are cold-blooded and may be slowed by cold attacks.


Message History

i - a scroll labelled QAGIHO DYIH
Things that are here:
a +0 club; a kobold corpse No target in view!
No target in view!
Found 25 sling bullets.
Key pressed, stopping explore.
No target in view!
No target in view!
Casting: Beastly Appendage (safe; 8% risk of failure)
Confirm with . or Enter, or press ? or * to list all spells.
You grow a pair of large bovine horns.
Your feet morph into talons.
Your transformation is almost over.
Your horns disappear.
Your talons disappear.
Found a club.
No target in view!
No target in view!
Found an escape hatch in the floor.
No target in view!
No target in view!
Found an escape hatch in the ceiling.
No target in view!
No target in view!
You now have 93 gold pieces (gained 7).
You now have 105 gold pieces (gained 12).
You now have 114 gold pieces (gained 9).
An ogre comes into view. It is wielding a +0 giant club.
The ogre hits you with a +0 giant club!!
Ouch! That really hurt!
You are too injured to fight recklessly!
An ogre is nearby!
An ogre is nearby!
You are too injured to fight recklessly!
You are too injured to fight recklessly!
An ogre is nearby!
Casting: Beastly Appendage (safe; 8% risk of failure)
Confirm with . or Enter, or press ? or * to list all spells.
You grow a pair of large bovine horns.
Your feet morph into talons.
The ogre hits you with a +0 giant club!
You die...

#.# # .##.## #.# .##
.##.# #.# ... .##.# #.#
#.###.##.# #.# #.....
#.# #.# ##..###.# #.#
#.......#
#.########...######.#
####............@O.....#
........................
..####..#####.####.#####
#...)......... ##
..############ .## .# ##


You could see an ogre.

Vanquished Creatures
  A gnoll (D:1)
  2 adders
  2 dart slugs (D:1)
  2 orcs (D:3)
  5 endoplasms
  A giant cockroach (D:1)
  4 hobgoblins
  4 jackals (D:2)
  4 kobolds
  2 ball pythons (D:1)
  2 frilled lizards
  6 goblins
  4 rats
39 creatures vanquished.

Notes
Turn   | Place    | Note
-------+----------+-------------------------------------------
     0 | D:1      | kae the Draconian Transmuter began the quest for the Orb.
     0 | D:1      | Reached XP level 1. HP: 16/16 MP: 3/3
   317 | D:1      | Reached XP level 2. HP: 16/23 MP: 3/5
   748 | D:1      | Reached XP level 3. HP: 21/28 MP: 6/6
   752 | D:1      | Learned a level 3 spell: Spider Form
  1212 | D:2      | Found a faded altar of an unknown god.
  1358 | D:2      | You fall into a shaft and drop 2 floors!
  1551 | D:3      | Reached XP level 4. HP: 36/36 MP: 5/7
  1783 | D:2      | Noticed an ogre
  1785 | D:2      | Slain by an ogre

Illustrated notes

Levels and vault maps discovered:
D:1:      minmay_arrival_solitary_statue, layout_loops_cross
D:2:      layout_loops_ring, hellmonk_ecumenical_altar_heavens_door
D:3:      layout_loops_corners, lemuel_doored_altar, minmay_misc_feat_encased
D:4:      layout_basic, minivault_19, uniq_purgy

Skill      XL: |  1  2 |
---------------+-------+-----
Dodging        | 2 |  2.2
Fighting       | |  1.8
Unarmed Combat | |  3.5
Spellcasting   | |  2.3
Transmutations | |  2.8
Poison Magic   | |  0.7

Action                   |  1- 3 |  4- 6 || total
-------------------------+-------+-------++-------
Melee: Unarmed           |    78 |    14 ||    92
       Kick              |    13 |     1 ||    14
       Tailslap          |     7 |     3 ||    10
       Headbutt          |     5 |     2 ||     7
       Punch             |     2 |       ||     2
 Cast: Beastly Appendage |    24 |     5 ||    29
 Stab: Sleeping          |     1 |       ||     1
Armor: Skin              |    16 |     3 ||    19
Dodge: Dodged            |    42 |     8 ||    50

Table legend: (Time is in decaauts)
 A = Elapsed time spent in this place.
 B = Non-inter-level travel time spent in this place.
 C = Inter-level travel time spent in this place.
 D = Time resting spent in this place.
 E = Time spent auto-exploring this place.
 F = Levels seen in this place.
 G = Mean time per level.
                   A        B        C        D        E       F      G
               +--------+--------+--------+--------+--------+-----+--------+
         Total |   1781 |   1698 |     83 |      0 |   1424 |   4 |  445.2 |
       Dungeon |   1781 |   1698 |     83 |      0 |   1424 |   4 |  445.2 |
               +--------+--------+--------+--------+--------+-----+--------+

Top non-repeatable levels by time:
     D:1: 1149 daAuts
     D:2: 338 daAuts
     D:3: 161 daAuts
     D:4: 132 daAuts
